 Dungeon Crawl Stone Soup version 0.21-a0-426-g98080a9 (webtiles) character file.

37 slep the Skirmisher (level 3, 0/33 HPs)
             Began as a Barachi Wanderer on Nov 7, 2017.
             Slain by an adder (4 damage)
             ... on level 2 of the Dungeon.
             The game lasted 00:05:39 (816 turns).

slep the Skirmisher (Barachi Wanderer)               Turns: 816, Time: 00:05:39

Health: 0/33       AC:  3    Str: 16    XL:     3   Next: 39%
Magic:  3/3        EV: 11    Int: 12    God:
Gold:   48         SH:  0    Dex:  9    Spells: 2/2 levels left

rFire    . . .     SeeInvis .   a - +2 hand crossbow
rCold    . . .     Gourm    .   (no shield)
rNeg     . . .     Faith    .   e - +0 leather armour
rPois    .         Spirit   .   (no helmet)
rElec    .         Reflect  .   (no cloak)
rCorr    .         Harm     .   (no gloves)
MR       .....                  (no boots)
Stlth    +.........             (no amulet)
HPRegen  0.11/turn              (no ring)
MPRegen  0.08/turn              (no ring)

@: slow
A: +LOS, swims, slowness 1, strong legs 1
a: Hop


You were on level 2 of the Dungeon.
You were not hungry.

You visited 1 branch of the dungeon, and saw 2 of its levels.

You collected 48 gold pieces.

Inventory:

Hand Weapons
 a - a +2 hand crossbow (weapon)
 k - a +2 vampiric short sword
Missiles
 b - 21 bolts (quivered)
 j - 66 arrows
Armour
 d - a +0 robe
 e - a +0 leather armour (worn)
 i - a +0 cloak
Scrolls
 c - 2 scrolls of teleportation
 h - 2 scrolls of blinking {unknown}
 l - 2 scrolls of identify {unknown}
Potions
 n - a potion of heal wounds {unknown}
 o - a potion of flight {unknown}
Comestibles
 f - a bread ration
 g - 3 fruits
 p - a meat ration


   Skills:
 + Level 5.4 Fighting
 + Level 2.3 Crossbows
 + Level 1.3 Armour
 + Level 1.1 Dodging
 + Level 1.1 Stealth
   Level 2.1 Shields


You had 2 spell levels left.
You didn't know any spells.

Dungeon Overview and Level Annotations

Branches:
Dungeon (2/15)

Altars:


Innate Abilities, Weirdness & Mutations

Shadows flee at your approach. (+LOS)
You can swim through water.
You cover ground slowly.
You can hop short distances.


Message History

Firing (i - inventory):
b - 25 bolts (quivered)
Press: ? - help, Shift-Dir - straight line, f/p - adder
Aim: an adder You shoot a bolt.
The bolt hits the adder.
The adder is severely wounded.
Firing (i - inventory):
b - 24 bolts (quivered)
Press: ? - help, Shift-Dir - straight line, f/p - adder
Aim: an adder (severely wounded)
You shoot a bolt. The bolt barely misses the adder.
Firing (i - inventory):
b - 23 bolts (quivered)
Press: ? - help, Shift-Dir - straight line, f/p - adder
Aim: an adder (severely wounded)
You shoot a bolt. The bolt closely misses the adder.
The adder bites you but does no damage. The adder bites you.
* * * LOW HITPOINT WARNING * * *
Firing (i - inventory):
b - 22 bolts (quivered)
Press: ? - help, Shift-Dir - straight line, f/p - adder
Aim: an adder (severely wounded)
You shoot a bolt. The bolt closely misses the adder.
The adder bites you.
You die...

.. ..$.... # ..
...... . #.
..... #$ #. ....
##(###.#...
#......(..#
#.........#
#...(.(...+
#...(..@..####..
#......S.......#
#.....#((#......
#........# .....
#.......(. ....
##......... ..#
#........... .#
#............ .
#......(...(..


You could see an adder.

Vanquished Creatures
  An adder (D:2)
  2 dart slugs (D:1)
  A leopard gecko (D:1)
  5 bats
  A goblin (D:1)
  2 hobgoblins (D:1)
  3 jackals (D:1)
  A frilled lizard (D:1)
  4 kobolds
  3 rats
23 creatures vanquished.

Notes
Turn   | Place    | Note
-------+----------+-------------------------------------------
     0 | D:1      | slep the Barachi Wanderer began the quest for the Orb.
     0 | D:1      | slep set off with: a +2 hand crossbow, 26 bolts, 2 scrolls of teleportation, a +0 robe, a bread ration
     0 | D:1      | Reached XP level 1. HP: 20/20 MP: 1/1
    94 | D:1      | Reached skill level 5 in Fighting
   152 | D:1      | Reached XP level 2. HP: 27/27 MP: 2/2
   735 | D:1      | Reached XP level 3. HP: 33/33 MP: 3/3
   816 | D:2      | Slain by an adder

Vault maps used:
D:1:      minmay_arrival_solitary_statue, corexii_corridor_pit,
          minmay_misc_feat_five
D:2:      nicolae_overflow_crystal_walls

Skill      XL: |  1  2 |
---------------+-------+-----
Fighting       | 5 |  5.4
Crossbows      | 2 |  2.3
Armour         | |  1.3
Dodging        | |  1.1
Stealth        | |  1.1
Shields        | |  2.1

Action                   || total
-------------------------++-------
 Fire: Hand crossbow     ||    59
  Use: Potion            ||     1
Armor: Leather armour    ||    21
Dodge: Dodged            ||    22

Table legend:
 A = Spawn XP
 B = Non-spawn XP
 C = Spawn XP percentage of total XP
 D = Spawn monster count
 E = Non-spawn monster count
 F = Spawn count percentage of total count
 G = Total turns spent on level
                    A         B        C        D         E        F      G
               +---------+---------+-------+---------+---------+-------+---------
         Total |       0 |      53 |   0.0 |       0 |      23 |   0.0 |   816
               +---------+---------+-------+---------+---------+-------+---------
           D:1 |       0 |      34 |   0.0 |       0 |      19 |   0.0 |   796
           D:2 |       0 |      19 |   0.0 |       0 |       4 |   0.0 |    20
               +---------+---------+-------+---------+---------+-------+---------
